 Dungeon Crawl Stone Soup version 0.29-a0-118-g06d03a830b (webtiles) character file.

Game seed: 9962239051544445115

17946 Conn the Thaumaturge (level 12, -14/70 HPs)
             Began as an Octopode Fire Elementalist on Feb 19, 2022.
             Was an Elder of Sif Muna.
             Demolished by an eight-headed hydra (15 damage)
             ... on level 11 of the Dungeon.
             The game lasted 00:45:48 (13794 turns).

Conn the Thaumaturge (Octopode Fire Elementalist)  Turns: 13794, Time: 00:45:48

Health: -14/70     AC:  1    Str: 15    XL:     12   Next: 53%
Magic:  16/26      EV: 13    Int: 28    God:    Sif Muna [****..]
Gold:   262        SH:  5    Dex: 10    Spells: 14/31 levels left

rFire   . . .      SeeInvis .   b - staff of conjuration
rCold   . . .      Faith    .   D - +0 buckler
rNeg    . . .      Spirit   .   (helmet restricted)
rPois   +          Reflect  .   (no amulet)
rElec   .          Harm     .   c - ring of flight
rCorr   .          Rampage  .   z - ring of poison resistance
Will    .....                   h - ring of Poyli {Str+8 Int+6 Dex-3 Stlth+}
Stlth   +++++.....              (no ring)
HPRegen 0.21/turn               (no ring)
MPRegen 0.20/turn               (no ring)
                                (no ring)
                                (no ring)

@: marked, flying, studying Shields
A: almost no armour, amphibious, 8 rings, camouflage 1, gelatinous body 1,
(nimble swimmer 1), tentacles
a: Renounce Religion, Channel Magic, Forget Spell, Divine Exegesis


You were on level 11 of the Dungeon.
You worshipped Sif Muna.
Sif Muna was greatly pleased with you.
You visited 2 branches of the dungeon, and saw 13 of its levels.
You also visited: Bailey.

You collected 587 gold pieces.
You spent 325 gold pieces at shops.

Inventory:

Hand Weapons
 a - a +0 dagger of protection
 j - a +2 dagger of speed
 p - a +0 short sword
 u - a +3 short sword
Missiles
 i - 3 atropa-tipped darts (quivered)
 y - 20 poisoned darts
 G - a curare-tipped dart
Armour
 D - a +0 buckler (worn)
Magical Staves
 b - a staff of conjuration (weapon)
Jewellery
 c - a ring of flight (left tentacle)
 h - the ring of Poyli (on tentacle) {Str+8 Int+6 Dex-3 Stlth+}
   (You acquired it on level 9 of the Dungeon)

   [ring of intelligence]

   Str:       It affects your strength (+8).
   Int:       It affects your intelligence (+6).
   Dex:       It affects your dexterity (-3).
   Stlth:     It makes you more stealthy.
 z - a ring of poison resistance (right tentacle)
 H - a ring of positive energy
Wands
 l - a wand of digging (8)
 o - a wand of mindburst (18)
 x - a wand of flame (28)
 A - a wand of iceblast (11)
 F - a wand of polymorph (4)
Scrolls
 e - 3 scrolls of teleportation
 n - a scroll of fog
 q - a scroll of enchant armour {unknown}
 s - 2 scrolls of noise {unknown}
 t - 2 scrolls of holy word {unknown}
 w - a scroll of magic mapping {unknown}
 C - 2 scrolls of blinking {unknown}
 E - 2 scrolls of fear {unknown}
 I - a scroll of immolation
 J - a scroll of brand weapon {unknown}
Potions
 d - 2 potions of might
 f - a potion of lignification
 g - 3 potions of haste
 m - 7 potions of curing
 r - a potion of cancellation
 v - 3 potions of brilliance
 B - 2 potions of heal wounds


   Skills:
 + Level 2.2 Fighting
 + Level 3.3 Short Blades
 + Level 0.2 Staves
 + Level 0.3 Throwing
 + Level 3.6 Dodging
 + Level 7.2 Stealth
 * Level 7.6 Shields
 + Level 10.3 Spellcasting
 + Level 8.2 Conjurations
 + Level 2.7 Hexes
 + Level 9.6 Fire Magic
 * Level 7.1 Invocations
 + Level 0.2 Evocations


You had 14 spell levels left.
You knew the following spells:

 Your Spells              Type           Power      Damage    Failure   Level
a - Foxfire               Conj/Fire      100%       2x1d9     1%          1
b - Conjure Flame         Conj/Fire      77%        6-21      1%          3
c - Inner Flame           Hex/Fire       49%        N/A       1%          3
d - Flame Wave            Conj/Fire      77%        2d14      1%          4
e - Scorch                Fire           100%       2d10      1%          2
f - Sticky Flame          Conj/Fire      77%        2d9       1%          4

Your spell library contained the following spells:

 Spells                   Type           Power      Damage    Failure   Level
 Ignite Poison            Fire/Tmut/Pois 32%        N/A       3%          3
 Portal Projectile        Hex/Tloc       44%        N/A       9%          3
 Call Canine Familiar     Summ           14%        N/A       14%         3
 Leda's Liquefaction      Hex/Erth       11%        N/A       26%         4
 Malign Gateway           Summ/Tloc      7%         N/A       100%        7
 Summon Horrible Things   Summ           7%         N/A       100%        8


Dungeon Overview and Level Annotations

Branches:
Dungeon (12/15)            Temple (1/1) D:6            Lair (0/6) D:10
    Orc (0/2) D:10         Bailey (visited)

Altars:
Ashenzari
Cheibriados
Dithmenos
Elyvilon
Gozag
Hepliaklqana
Kikubaaqudgha
Okawaru
Qazlal
Sif Muna
Trog
Zin
Jiyva

Shops:
D:10 *

Annotations:
D:9 3 runed translucent doors, anet's ghost, novice TrBe


Innate Abilities, Weirdness & Mutations

You cannot wear most types of armour.
You are amphibious.
You can wear up to eight rings at the same time.
Your skin changes colour to match your surroundings (Stealth+).
Your rubbery body absorbs attacks. (AC +1, EV +1)
((You are camouflaged when in or above water. (Stealth+)))
You have tentacles for arms and can constrict up to eight enemies at once.


Message History

Sif Muna accepts your kill.
Unknown command.
Unknown command.
Unknown command.
A vampire mosquito comes into view.
The foxfire hits the gnoll.
The gnoll is severely wounded.
The foxfire hits the vampire mosquito!
The vampire mosquito is moderately damaged.
The gnoll barely misses you.
A vampire mosquito comes into view.
Your five-headed hydra misses the gnoll.
Your five-headed hydra bites the gnoll.
Your five-headed hydra bites the gnoll!
The gnoll dies!
Sif Muna accepts your kill.
Your five-headed hydra bites the vampire mosquito.
Your five-headed hydra bites the vampire mosquito!
The vampire mosquito moves out of view.
A vampire mosquito comes into view.
There is a stone staircase leading up here.
Unknown command.
Unknown command.
Casting: Foxfire (safe; 1% risk of failure)
Confirm with . or Enter, or press ? or * to list all spells.
Okay, then.
The gnoll hits you from afar with a +0 spear!
You block the vampire mosquito's attack.
Your five-headed hydra bites the vampire mosquito!
Your five-headed hydra bites the vampire mosquito.
Your five-headed hydra misses the vampire mosquito.
Your five-headed hydra barely misses the vampire mosquito. x2
You fly upwards.
The eight-headed hydra bites you. The eight-headed hydra bites you!!
The eight-headed hydra bites you! x2
* * * LOW HITPOINT WARNING * * *
The eight-headed hydra bites you but does no damage.
The eight-headed hydra bites you!
* * * LOW HITPOINT WARNING * * *
The eight-headed hydra barely misses you.
The eight-headed hydra bites you!
You die...

#.##............
#.##..#####...###
#.##.## #.####.
#.##.# #.#.#####
#.##.##.#....
#.##.#.......
#.##.#....#
########D##.#....#
#........@.#.....#
#.###.####....####
#. #.# #.# #.##.#
#.# #.# #.# #.##.#
#.# #.# #.#
#.##.###.# #.###.#
#.......# #.##..#
###.....# #.##.##
##....####.
#.##.## #.........


You could see an eight-headed hydra.

Vanquished Creatures
  A boulder beetle (D:12)
  2 two-headed ogres (D:8)
  Nergalle (D:10)
  An orc knight (Bailey)
  A komodo dragon (D:10)
  A troll (D:6)
  Grinder (D:5)
  A meliai zombie (D:10)
  2 yaks (D:6)
  2 shadows (D:10)
  A steam dragon (D:7)
  An acid dragon (D:8)
  3 water moccasins
  A sky beast (D:8)
  A hornet zombie (D:7)
  14 orc warriors
  2 black bears
  2 necrophages (D:7)
  An ogre (D:3)
  A phantom (D:10)
  3 centaurs
  4 kobold brigands
  2 wyvern zombies
  A bullfrog (D:6)
  2 scorpions
  A gnoll sergeant (D:10)
  A water moccasin zombie (D:6)
  6 killer bees (D:9)
  2 troll zombies (D:10)
  15 wights
  4 howler monkeys (D:9)
  3 centaur zombies
  2 centaur skeletons
  3 hounds
  A human zombie (D:7)
  3 jellies
  6 orc priests
  2 gnoll shamans
  3 iguanas
  Terence (D:2)
  9 orc wizards
  2 killer bee zombies (D:7)
  6 ogre zombies (D:10)
  A hound zombie (D:5)
  A hound skeleton (D:4)
  2 howler monkey zombies
  A mummy (D:7)
  A howler monkey skeleton (D:5)
  5 adders
  16 gnolls
  2 shadow imps
  An ufetubus (D:6)
  2 dart slugs
  30 orcs
  5 ball pythons
  2 endoplasms
  5 giant cockroaches
  16 goblins
  12 hobgoblins
  22 kobolds
  6 quokkas
  A ball python zombie (D:3)
  6 bats
  4 frilled lizards
  3 hobgoblin skeletons (D:10)
  4 hobgoblin zombies (D:10)
  5 orc skeletons (D:10)
  12 orc zombies (D:10)
  5 rats
292 creatures vanquished.

Vanquished Creatures (collateral kills)
  A gnoll sergeant (D:12)
  3 gnolls (D:12)
  2 foxfires (D:10)
6 creatures vanquished.

Vanquished Creatures (others)
  An orc zombie (D:10)
  940 foxfires
  2 plants (D:10)
943 creatures vanquished.

Grand Total: 1241 creatures vanquished

Notes
Turn   | Place    | Note
-------+----------+-------------------------------------------
     0 | D:1      | Conn the Octopode Fire Elementalist began the quest for the
                  | Orb.
     0 | D:1      | Reached XP level 1. HP: 11/11 MP: 3/3
   160 | D:1      | Reached XP level 2. HP: 17/17 MP: 0/5
   740 | D:1      | Reached XP level 3. HP: 21/21 MP: 2/6
  1053 | D:1      | Learned a level 3 spell: Conjure Flame
  1767 | D:2      | Reached XP level 4. HP: 27/27 MP: 4/7
  1861 | D:2      | Found an ancient bone altar of Kikubaaqudgha.
  1960 | D:2      | Noticed Terence
  1967 | D:2      | Killed Terence
  1968 | D:2      | Reached skill level 3 in Spellcasting
  2066 | D:2      | Learned a level 3 spell: Inner Flame
  2073 | D:2      | Learned a level 2 spell: Scorch
  2117 | D:3      | Reached XP level 5. HP: 26/31 MP: 2/9
  2522 | D:3      | Noticed an ogre
  2532 | D:3      | Killed an ogre
  2533 | D:3      | Reached XP level 6. HP: 36/36 MP: 3/11
  2736 | D:3      | You are sucked into a shaft and drop 2 floors!
  2736 | D:5      | Entered Level 5 of the Dungeon
  3619 | D:3      | Reached skill level 4 in Spellcasting
  3925 | D:4      | Learned a level 4 spell: Flame Wave
  4157 | D:4      | Reached XP level 7. HP: 42/42 MP: 7/13
  4889 | D:5      | Noticed Grinder
  5085 | D:5      | Killed Grinder
  5086 | D:5      | Reached skill level 5 in Fire Magic
  5320 | D:5      | Reached XP level 8. HP: 29/47 MP: 8/15
  5331 | D:5      | Reached skill level 5 in Spellcasting
  5646 | D:6      | Reached skill level 1 in Short Blades
  5854 | D:6      | Found a staircase to the Ecumenical Temple.
  5861 | Temple   | Entered the Ecumenical Temple
  5865 | Temple   | Became a worshipper of Sif Muna the Loreminder
  6104 | D:6      | Reached skill level 1 in Hexes
  6118 | D:6      | Found a white marble altar of Elyvilon.
  6273 | D:6      | Reached skill level 5 in Stealth
  6303 | D:6      | Found an opulent altar of Gozag.
  6667 | D:6      | Reached skill level 6 in Spellcasting
  6872 | D:6      | Found a glowing silver altar of Zin.
  7023 | D:6      | Noticed a yak
  7024 | D:6      | Noticed a yak
  7065 | D:6      | Learned a level 4 spell: Sticky Flame
  7098 | D:6      | Reached XP level 9. HP: 52/52 MP: 10/18
  7164 | D:6      | Reached skill level 1 in Fighting
  7183 | D:6      | Noticed a troll
  7219 | D:6      | Killed a troll
  7220 | D:6      | Reached skill level 5 in Conjurations
  7545 | D:7      | Reached skill level 7 in Spellcasting
  7783 | D:7      | Reached * piety under Sif Muna
  7848 | D:7      | Found an ancient bone altar of Kikubaaqudgha.
  8009 | D:7      | Found a stormy altar of Qazlal.
  8321 | D:8      | Noticed a two-headed ogre
  8322 | D:8      | Reached XP level 10. HP: 33/58 MP: 9/21
  8799 | D:8      | Killed a two-headed ogre
  8800 | D:8      | Reached skill level 8 in Spellcasting
  8800 | D:8      | Reached skill level 1 in Invocations
  8804 | D:8      | Noticed a two-headed ogre
  8810 | D:8      | Killed a two-headed ogre
  8968 | D:8      | Found a hazy altar of Hepliaklqana.
  9560 | D:9      | Found a flagged portal.
  9570 | Bailey   | Entered a bailey
  9748 | Bailey   | Reached ** piety under Sif Muna
 10119 | Bailey   | Noticed an orc knight
 10128 | Bailey   | Killed an orc knight
 10267 | D:9      | Reached XP level 11. HP: 60/64 MP: 15/23
 10572 | D:9      | Identified the +0 cloak of Oropnur {rPois rCorr Str-4}
 10581 | D:9      | Reached skill level 1 in Shields
 10581 | D:9      | Reached skill level 9 in Spellcasting
 10878 | D:9      | Found a runed translucent gate.
 10878 | D:9      | Found a runed translucent gate.
 10878 | D:9      | Found a runed translucent gate.
 10878 | D:9      | Noticed anet's ghost (novice TrBe)
 11261 | D:9      | Reached *** piety under Sif Muna
 11450 | D:9      | Found an iron altar of Okawaru.
 11638 | D:9      | Reached skill level 10 in Spellcasting
 11638 | D:9      | Reached XP level 12. HP: 70/70 MP: 24/26
 11641 | D:9      | Identified a scroll of acquirement
 11641 | D:9      | Acquired the ring of Poyli {Str+8 Int+6 Dex-3 Stlth+}
 11709 | D:10     | Entered Level 10 of the Dungeon
 11862 | D:10     | Found Osaoweh's Demolitions Depot.
 12002 | D:10     | Found a broken altar of Ashenzari.
 12053 | D:10     | Bought a staff of conjuration for 325 gold pieces
 12570 | D:10     | Found a snail-covered altar of Cheibriados.
 12592 | D:10     | Found a shadowy altar of Dithmenos.
 12593 | D:10     | Noticed Nergalle
 12605 | D:10     | Killed Nergalle
 12701 | D:10     | Found a staircase to the Orcish Mines.
 12943 | D:10     | Reached **** piety under Sif Muna
 13198 | D:10     | Found a bloodstained altar of Trog.
 13478 | D:10     | Found a staircase to the Lair.
 13732 | D:11     | Noticed an eight-headed hydra
 13779 | D:12     | Noticed a boulder beetle
 13789 | D:12     | Killed a boulder beetle
 13794 | D:11     | HP: 1/70 [eight-headed hydra (10)]
 13794 | D:11     | Demolished by an eight-headed hydra

Illustrated notes

Levels and vault maps discovered:
D:1:      psy_arrival_fountain, layout_basic
D:2:      layout_loops_cross, basic_altar, uniq_terence
D:3:      minmay_evil_eye, layout_rooms, kennysheep_cross_room, minivault_23,
          supply_closet_lemuel
D:4:      layout_basic, mrwooster_statue_mirror
D:5:      layout_loops_ring, uniq_grinder
D:6:      minmay_chambers_of_sixes, layout_loops_ring, zin_scriptorium,
          elyvilon_altar_3, grunt_gozag_statues, minmay_temple_entry_wispy,
          roderic_three_in_a_row
D:7:      layout_gridville, mainiacjoe_overflow_surrounded_room,
          lemuel_mausoleum_altar_kikubaaqudgha, chequers_serial_rivers_room_a,
          grunt_decor_fettered
D:8:      layout_rooms, worldfamousw_hep_ancestral_shrine
D:9:      layout_irregular_city, okawaru_altar_gauntlet_db, enter_bailey_5,
          gammafunk_ghost_spectres, minmay_misc_feat_pillars,
          grunt_decor_mini_mirrors
D:10:     layout_long_grid, kennysheep_little_box,
          nicolae_dithmenos_the_darkroom, general_overflow_altar,
          ashenzari_conservatory_becter, david_lair_shrubbed, zombieorc2_lemuel,
          nicolae_water_bricks, nicolae_blasting_shop, grunt_decor_cap,
          uniq_nergalle
D:11:     layout_loops_ring, minivault_24
D:12:     layout_loops_ring, minmay_three_doors
Temple:   pf_slimified_temple

Skill      XL: |  1  2  3  4  5  6  7  8  9 10 11 12 |
---------------+-------------------------------------+-----
Stealth        | 3 4 5 6 7 |  7.2
Spellcasting   | 3 4 6 7 8 10 | 10.3
Conjurations   | 2 3 4 5 6 7 8 |  8.2
Fire Magic     | 4 5 6 7 9 |  9.6
Short Blades   | 2 3 |  3.3
Hexes          | 1 2 |  2.7
Fighting       | 1 2 |  2.2
Dodging        | 3 |  3.6
Invocations    | 3 6 7 |  7.1
Shields        | 6 7 |  7.6
Staves         | |  0.2
Throwing       | |  0.3
Evocations     | |  0.2

Action                   |  1- 3 |  4- 6 |  7- 9 | 10-12 || total
-------------------------+-------+-------+-------+-------++-------
Melee: Short sword       |    17 |     3 |       |       ||    20
       Constrict         |     6 |     6 |     9 |    17 ||    38
       Tentacles         |     2 |     6 |    17 |    26 ||    51
       Dagger            |       |    22 |    48 |    50 ||   120
       Punch             |       |     2 |     2 |     3 ||     7
       Staff             |       |       |       |    26 ||    26
Throw: Dart              |       |     2 |       |     2 ||     4
       Throwing net      |       |       |     1 |       ||     1
 Cast: Foxfire           |    47 |   103 |   129 |   268 ||   547
       Scorch            |       |     1 |    30 |    40 ||    71
       Inner Flame       |       |     1 |     5 |    27 ||    33
       Conjure Flame     |       |     1 |     7 |     5 ||    13
       Sticky Flame      |       |       |     2 |     7 ||     9
       Flame Wave        |       |       |       |     1 ||     1
Evoke: Wand              |       |       |     2 |       ||     2
  Use: Scroll            |       |       |     4 |     9 ||    13
       Potion            |       |       |     1 |     6 ||     7
 Stab: Sleeping          |     4 |     2 |    17 |     7 ||    30
Armor: Skin              |       |     1 |    13 |    22 ||    36
Dodge: Dodged            |     9 |    29 |    32 |    75 ||   145
Block: Buckler           |       |       |       |    20 ||    20

Table legend: (Time is in decaauts)
 A = Elapsed time spent in this place.
 B = Non-inter-level travel time spent in this place.
 C = Inter-level travel time spent in this place.
 D = Time resting spent in this place.
 E = Time spent auto-exploring this place.
 F = Levels seen in this place.
 G = Mean time per level.
                   A        B        C        D        E       F      G
               +--------+--------+--------+--------+--------+-----+--------+
         Total |  13778 |  13521 |    257 |    914 |   9353 |  14 |  984.1 |
       Dungeon |  13097 |  12840 |    257 |    900 |   8893 |  12 | 1091.4 |
        Temple |      8 |      8 |      0 |      0 |      0 |   1 |    8.0 |
        Bailey |    672 |    672 |      0 |     14 |    460 |   1 |  672.0 |
               +--------+--------+--------+--------+--------+-----+--------+

Top non-repeatable levels by time:
    D:10: 1916 daAuts
     D:6: 1778 daAuts
     D:9: 1565 daAuts
     D:2: 1261 daAuts
     D:4: 1231 daAuts
     D:5: 1210 daAuts
     D:7: 1175 daAuts
     D:1: 1087 daAuts
     D:8: 866 daAuts
     D:3: 834 daAuts
  Bailey: 672 daAuts
    D:11: 154 daAuts
    D:12: 14 daAuts
  Temple: 8 daAuts
